 Dungeon Crawl Stone Soup: Circus Animals version 1.7-37-g2c94cca (webtiles) character file.

1240573 chequers the Middleweight Champion (level 30, 297/415 HPs) *STANDARD*
             Began as a Cave Troll Monk on Feb 12, 2018.
             Was the Champion of Makhleb.
             Escaped with the Orb
             ... and 8 runes on Feb 17, 2018!
             The game lasted 04:48:39 (121306 turns).

chequers the Middleweight Champion (CTMo)         Turns: 121306, Time: 04:48:40

Health: 297/415    AC: 40    Str: 34    XL:     30   Next: 36%
Magic:  4/75       EV: 10    Int: 14    God:    Makhleb [******]
Gold:   9492       SH: 25    Dex: 24    Spells: 7 memorised, 7 levels left

rFire  + + .     rPois    +       - Unarmed
rCold  + + +     rElec    .     p - +12 gold dragon armour
rNeg   + + .     rCorr    .     e - +6 large shield {rN+} MagicSh + . . SeeInvis .
                                (helmet unavailable) StaminaSh . . . Faith .
                                D - +2 cloak {MR+} RegenHP +++++++...
SustAt .                        (gloves unavailable) RegenSP +++....... Dismiss .
                                (boots unavailable) RegenMP +++....... Reflect .
                                g - amulet of magic shield
MR     ++...     Harm     .     q - ring of Foil {rPois rF+ rC+ Str+3 Int+3}
Stlth  ..........               y - ring "Toxoer" {rN+ Str+4 Int+3 Dex+3}

@: liquid flames, corroded, tired, very slightly contaminated, hasted, glowing,
quick, very resistant to hostile enchantments, extremely unstealthy
A: unfitting armour, claws 3, molten scales 1, yellow scales 1, clever 1, fast
metabolism 1, fast health regeneration 2, shaggy fur 3, tough skin 2, weak 1,
stamina from kills 3
a: Minor Destruction, Lesser Servant of Makhleb, Major Destruction, Greater
Servant of Makhleb, Renounce Religion
0: Orb of Zot
}: 8/20 runes: decaying, serpentine, barnacled, elven, silver, abyssal,
gossamer, dwarven


You were on level 0 of the Realm of Zot.
You worshipped Makhleb.
Makhleb was exalted by your worship.
You were not hungry.

You visited 16 branches of the dungeon, and saw 82 of its levels.
You visited the Abyss 2 times.
You visited 1 bazaar.
You also visited: Bailey, Volcano and Wizlab.

You collected 14379 gold pieces.
You spent 4887 gold pieces at shops.

Inventory:

Missiles
 k - 846 large rocks (quivered)
 l - 7 throwing nets
Armour
 e - a +6 large shield of positive energy (worn)
 m - a +1 cloak
 p - a +12 gold dragon armour (worn)
 B - a +0 cloak of magic resistance
 D - a +2 cloak of magic resistance (worn)
 E - a +2 cloak
 F - a +1 cloak
 G - a +2 cloak
Rods
 r - a +0 lightning rod (12/12)
   (You found it on level 3 of the Shoals)
 w - a +1 rod of shadows (11/11)
   (You found it on level 2 of the Enchanted Forest)
Jewellery
 g - an amulet of magic shield (around neck)
 q - the ring of Foil (right claw) {rPois rF+ rC+ Str+3 Int+3}
   (You bought it in a shop on level 2 of the Shoals)

   [ring of protection from cold]

   It affects your strength (+3).
   It affects your intelligence (+3).
   It protects you from fire.
   It protects you from cold.
   It protects you from poison.
 y - the ring "Toxoer" (left claw) {rN+ Str+4 Int+3 Dex+3}
   (You found it on level 2 of the Enchanted Forest)

   [ring of positive energy]

   It affects your strength (+4).
   It affects your intelligence (+3).
   It affects your dexterity (+3).
   It protects you from negative energy.
Wands
 c - a wand of paralysis (76/120)
 d - a wand of disintegration (51/60)
 h - a wand of lightning (75/180)
 i - a wand of confusion (263/528)
 j - a wand of flame (365/816)
 n - a wand of teleportation (9/18)
 t - a wand of iceblast (90/195)
 u - a wand of digging (16/48)
 v - a wand of polymorph (15/24)
 x - a wand of acid (86/180)
 A - a wand of heal wounds (9/27)
 C - a wand of hasting (2/9)
Scrolls
 e - 5 scrolls of holy word
 f - 5 scrolls of fog
 h - 13 scrolls of fear
 i - 22 scrolls of remove curse
 k - 24 scrolls of teleportation
 l - 3 scrolls of identify
 m - a scroll of enchant armour
 r - 12 scrolls of recharging
 w - 9 scrolls of blinking
 y - 7 scrolls of silence
 K - 7 scrolls of magic mapping
 Y - 2 scrolls of summoning
Potions
 a - 10 potions of heal wounds
 b - 27 potions of stamina
 c - 27 potions of magic
 d - 21 potions of curing
 j - 29 potions of brilliance
 n - 9 potions of cure mutation
 p - 7 potions of cancellation
 s - 8 potions of invisibility
 t - 9 potions of haste
 u - 25 potions of ambrosia
 v - 17 potions of resistance
 B - 14 potions of agility
 E - 19 potions of flight
 G - 7 potions of might
 I - 8 potions of berserk rage
Books
 g - a book of Fire

   Spells                             Type                      Level
   a - Ignite Poison                  Fire/Transmutation/Poison    3
   b - Fireball                       Conjuration/Fire/Light       5
   c - Bolt of Fire                   Conjuration/Fire             6
   d - Delayed Fireball               Conjuration/Fire/Time        7
   e - Ring of Flames                 Charms/Fire                  7
Miscellaneous
 a - 4 phantom mirrors
 b - a phial of floods
 f - 5 sacks of spiders
 o - 7 boxes of beasts
 s - a fan of gales
 z - a lamp of fire


   Skills:
 + Level 33.3 Fighting
 - Level 14.0 Throwing
 + Level 28.9 Armour
 - Level 7.5 Dodging
 - Level 1.2 Stealth
 + Level 15.8 Shields
 + Level 35.2 Unarmed Combat
 - Level 3.0 Spellcasting
 - Level 7.1 Hexes
 - Level 6.7 Charms
 - Level 7.1 Air Magic
 - Level 8.0 Darkness Magic
 - Level 20.8 Invocations
 + Level 15.5 Evocations


You had 7 spell levels left.
You knew the following spells:

 Your Spells              Type           Power        Failure   Level  Hunger
a - Apportation           Tloc           #.........   8%          1    ##.....
b - Blink                 Tloc           #.........   14%         2    ###....
 c -                      Silence        Hex/Air/Darknes#......... 34%         5    ####...
d - Summon Butterflies    Summ/Air       #.........   3%          1    ##.....
e - Necromutation         Tmut/Necr      #.........   96%         8    ######.
f - Summon Mana viper     Hex/Summ       #.........   39%         5    ####...
g - Deflect Missiles      Chrm/Air       #.........   64%         6    #####..


Dungeon Overview and Level Annotations

Branches:
    Coc (0/7) Hell          Crypt (0/4) Forest:2     Depths (7/7) Forest:7
    Dis (0/7) Hell        Dungeon (7/7)               Dwarf (4/4) Orc:6
    Elf (4/4) Orc:6        Forest (7/7) Orc:7           Geh (0/7) Hell
   Lair (7/7) D:7             Orc (7/7) Lair:7       Shoals (4/4) Lair:5
  Slime (0/4) Forest:6      Snake (4/4) Lair:3       Spider (4/4) Orc:3
  Swamp (4/4) Lair:4          Tar (2/7) Hell           Tomb (3/4) Depths:6
 Vaults (4/4) Forest:6       Hell (1/1)                 Zot (7/7) Depths:7

Altars:
Cheibriados
Dithmenos
Elyvilon
Fedhas
Hepliaklqana
Kikubaaqudgha
Makhleb
Nemelex Xobeh
Okawaru
Qazlal
Ru
Trog
Vehumet
Yredelemnul
Beogh
Jiyva

Shops:
Depths:2 *   D:5 ?   D:6 (   Dwarf:3 (   Elf:3 }   Forest:2 :[   Orc:3 (
Orc:7 *   Shoals:2 *(==   Shoals:4 (

Portals:
Abyss: Depths:3 Depths:4
Pandemonium: Depths:1 Depths:2 Depths:3
Trove: Vaults:3 (give 7 scrolls of blinking)
Hell: Depths:1 Depths:2 Depths:3 Depths:4 Depths:5 Depths:6 Depths:7
Ziggurat: Depths:1


Innate Abilities, Weirdness & Mutations

You have claws for hands.
You have a fast metabolism.
You heal very quickly.
Your thick and shaggy fur keeps you warm. (AC +3, rC+)
You have very tough skin. (AC +2)
You gain a lot of stamina from kills.
You are partially covered in molten scales. (AC +1)
You are partially covered in yellow scales. (AC +2)
Your mind is acute. (Int +2)
You are weak. (Str -2)


Message History

You block the red draconian's attack.
You hear a distant "Zot"!
The red draconian monk hits you! (hp-12)
You block the red draconian monk's attack. x2
You are covered in liquid flames! (hp-1)
The red draconian monk rages.
The yellow draconian spits acid at you. The splash of acid hits you!
The acid burns! (hp-19)
There is a gate leading back out of this place here.
You are covered in liquid flames! (hp-1)
The red draconian monk barely misses you.
You block the red draconian monk's attack.
The red draconian monk tail-slaps you but does no damage.
The Orb Guardian is engulfed in roaring flames. (mon hp-3)
You block the red draconian's attack.
You block the red draconian monk's attack.
The red draconian monk kicks you but does no damage.
The red draconian monk tail-slaps you but does no damage.
The mottled draconian spits sticky flame at you.
The splash of liquid fire hits you!
You are covered in liquid flames!
You have escaped!

*#### ##...## ##.....##
##.......## ##########.........#
####......#.))........#
...........)#§..d.....#
,###.....q3###Xdd..^.#*
##....#3#.§[{##q@...##****
........####q.##...##*,,,**
.........##q...##'##,,,,,,**
..........#*,..#,.#*,,,,,,,***
.##...#....#*##..##,,,,*,,,,,**
.............#*...*,,,,*,,,,,,**
##....#.#.....#*##********,,,,,**
#.....#.#......,,****,,,,***,,,,*
##....#.'..#...,,,,****,,**,,,,,*


You could see a red draconian monk (berserk), a mottled draconian, a yellow
draconian, a red draconian and an Orb Guardian.

Vanquished Creatures
  10 orbs of fire
  5 giant centipedes
  10 curse toes
  A greater mummy (Tomb:2)
  Vashnia (Snake:3)
  Geryon (Hell)
  Margery (Depths:2)
  the Lernaean hydra (Swamp:4)
  6 Killer Klowns
  A pandemonium lord (Zot:1)
  3 shard shrikes (shapeshifter)
  8 ancient liches
  17 caustic shrikes
  Jory (Depths:4)
  8 electric golems
  5 doom hounds
  2 iron giants (shapeshifter)
  9 bone dragons
  3 Tzitzimimeh
  2 hellephants (Hell)
  Jorgrun (Depths:7)
  25 Orb Guardians (Zot:7)
  A Hell Sentinel (Zot:1)
  A Cloud Mage (WizLab)
  Nikola (Shoals:2)
  Xtahua (Forest:1)
  33 death cobs
  9 acid blobs (Zot:4)
  29 golden dragons
  Arachne (Spider:2)
  A hellephant (shapeshifter) (Depths:5)
  An eldritch tentacle (Tar:1)
  the Enchantress (Forest:7)
  3 deep elf blademasters (Elf:4)
  2 titans (shapeshifter)
  17 greater nagas
  2 deep elf master archers (Elf:4)
  22 draconian monks
  2 ancient champions (Tomb:2)
  A kraken (Abyss:3)
  61 tentacled monstrosities
  A revenant (Tomb:2)
  18 draconian knights
  6 titans
  19 draconian scorchers
  Frances (Dwarf:3)
  Rupert (Lair:7)
  6 liches
  3 quicksilver dragons
  16 draconian shifters
  37 green draconians
  A caustic shrike zombie (Depths:3)
  An angel (Depths:1)
  Polyphemus (Shoals:3)
  23 draconian zealots
  13 reapers
  10 sphinxes
  10 vampire knights
  16 draconian callers
  49 yellow draconians
  14 ghost moths
  2 lorocyprocas
  15 thorn hunters
  32 mottled draconians
  21 draconian annihilators
  39 storm dragons
  37 purple draconians
  17 tengu reavers
  A juggernaut skeleton (Depths:4)
  26 shadow dragons
  4 deep elf elementalists
  Louise (Spider:3)
  9 emperor scorpions
  22 frost giants
  24 fire giants
  3 caustic shrike skeletons
  9 deep elf sorcerers
  6 deep elf demonologists
  39 white draconians
  38 black draconians
  8 iron dragons
  Ilsuiw (Shoals:4)
  23 spark wasps
  13 vault wardens
  32 red draconians
  Maud (Orc:4)
  A green death (Hell)
  9 mummy priests
  Aizul (Vaults:3)
  A blizzard demon (Depths:1)
  5 entropy weavers
  2 jiangshi (Depths:5)
  12 ironheart preservers
  25 naga warriors
  A quicksilver dragon zombie (Hell)
  3 large abominations
  6 unborn deep dwarves
  4 war gargoyles
  2 ghouls (Vaults:4)
  5 orc warlords
  A ghost crab (shapeshifter) (Depths:6)
  6 rakshasas
  64 very ugly things
  28 spriggan defenders
  5 eidola
  8 hell hogs (Hell)
  5 apis
  13 deep elf annihilators
  56 stone giants
  11 dire elephants
  16 tengu warriors
  8 death scarabs (Tomb:2)
  16 alligators
  10 shock serpents
  3 ghost crabs
  6 merfolk javelineers
  5 sun demons (Hell)
  8 deep elf death magi
  31 deep dwarf death knights
  An alligator (shapeshifter) (Depths:2)
  A crystal guardian (Vaults:4)
  8 naga ritualists
  8 merfolk impalers
  A death yak (shapeshifter) (Depths:1)
  A death drake (Tar:2)
  66 fire dragons
  3 iron golems (Hell)
  21 great orbs of eyes
  28 ettins
  12 soul eaters
  28 yaktaur captains
  An iron giant zombie (Tar:1)
  7 deep elf high priests
  45 spriggan air magi
  An anaconda skeleton (Hell)
  3 merfolk avatars
  35 vault guards
  11 centaur warriors
  8 salamander mystics
  12 swamp dragons
  75 ice dragons
  A storm dragon skeleton (Depths:4)
  A gelid demonspawn (Depths:1)
  17 mana vipers
  27 hydras
  14 satyrs
  16 ogre magi
  24 anubis guards
  5 merfolk aquamancers
  50 deep troll shamans
  An alligator snapping turtle (Shoals:4)
  A kraken simulacrum (Hell)
  3 death yaks (Shoals:3)
  A golden dragon zombie (Depths:4)
  37 dancing weapons
  37 anacondas
  6 death knights
  7 vampire magi
  A hell hog skeleton (Tar:2)
  24 necromancers
  54 salamanders
  4 catoblepae
  46 deep troll earth magi
  A fire giant zombie (Hell)
  A frost giant zombie (Tar:2)
  3 tengu zombies (Depths:4)
  41 naga sharpshooters
  3 shadow wraiths (Dwarf:1)
  A sphinx zombie (Depths:4)
  A shadow dragon zombie (Depths:1)
  A queen ant (Lair:6)
  2 hellions
  4 tormentors
  An iron dragon zombie (Hell)
  5 rust devils
  55 hell knights
  76 spriggan berserkers
  3 fire crabs
  2 smoke demons
  2 tengu skeletons
  21 orc high priests
  2 fauns (shapeshifter)
  A golden dragon skeleton (Tomb:1)
  10 ice devils (Hell)
  37 iron trolls
  35 skeletal warriors
  A water nymph (shapeshifter) (Depths:4)
  30 deep elf knights
  3 shadow dragon skeletons
  A sphinx skeleton (Depths:4)
  29 deep dwarf berserkers
  A torpor snail (shapeshifter) (Depths:1)
  2 fire giant skeletons (Tomb:1)
  17 orb spiders
  16 guardian mummies
  A red draconian zombie (Tar:2)
  12 giant orange brains
  A death drake (shapeshifter) (Vaults:4)
  A catoblepas zombie (Hell)
  A green draconian zombie (Tar:2)
  11 sea snakes
  155 deep trolls
  7 flayed ghosts
  8 spriggan druids
  An anubis guard (shapeshifter) (Vaults:4)
  4 red devils
  22 deep elf archers
  A moth of wrath zombie (Tar:1)
  27 shambling mangroves
  82 moths of wrath
  16 ironbrand convokers
  2 apocalypse crabs (Abyss:3)
  4 hydra zombies (Hell)
  An orb spider (shapeshifter) (Vaults:2)
  7 bog bodies
  14 phantasmal warriors
  5 wizards
  3 hill giants
  A spriggan skeleton (Tar:1)
  A hornet (shapeshifter) (Vaults:2)
  A mana viper (shapeshifter) (Vaults:3)
  88 deep elf magi
  A wolf spider (shapeshifter) (Vaults:4)
  A manticore (shapeshifter) (Vaults:4)
  7 manticores
  An ettin zombie (Tar:2)
  104 ugly things
  41 harpies
  A moth of wrath (shapeshifter) (Vaults:4)
  A cyclops (shapeshifter) (Vaults:4)
  An alligator zombie (Hell)
  13 ushabtiu
  4 giant leeches (Swamp:4)
  2 neqoxecs (Zot:1)
  A lindwurm (Lair:5)
  2 boulder beetles (shapeshifter)
  57 flying skulls
  2 fire dragon zombies
  9 vault sentinels
  4 golden dragon simulacra
  2 hydra skeletons
  38 wolf spiders
  A black mamba (shapeshifter) (Vaults:1)
  3 shadows
  22 demonic crawlers
  13 oklob plants
  23 orc knights
  A spiny frog zombie (Hell)
  19 griffons
  A fire dragon skeleton (Hell)
  An ice dragon skeleton (Tar:1)
  43 naga magi
  38 fauns
  8 orc sorcerers
  2 elves (Dwarf:4)
  34 cyclopes
  4 water nymphs
  Pikel (D:5)
  A frost giant simulacrum (Hell)
  39 deep dwarf necromancers
  9 swamp drakes
  19 hornets
  29 deep dwarf artificers
  2 ettin skeletons
  4 kobold demonologists (Vaults:2)
  2 elf zombies (Depths:4)
  93 yaktaurs
  39 elephants
  8 fire elementals
  A komodo dragon (shapeshifter) (Vaults:1)
  19 sirens
  A ynoxinul (Abyss:3)
  16 guardian serpents
  17 deep dwarf scions
  An ice statue (Lair:4)
  5 elf skeletons
  20 dryads
  A torpor snail (Lair:7)
  A jumping spider (shapeshifter) (Vaults:2)
  28 spiny frogs
  2 redbacks (shapeshifter)
  An emperor scorpion simulacrum (Hell)
  A spriggan simulacrum (Depths:1)
  A troll (shapeshifter) (Vaults:3)
  85 black mambas
  2 boulder beetles (Spider:1)
  2 molten gargoyles
  A ghost crab zombie (Tar:2)
  10 tengu conjurers
  63 jumping spiders
  A phantom (Tar:1)
  Maurice (Orc:3)
  A gargoyle (Volcano)
  A hydra simulacrum (Hell)
  A black mamba simulacrum (Tomb:2)
  9 swamp worms
  22 wind drakes
  8 komodo dragons
  7 rime drakes
  25 jellies (Zot:4)
  74 slime creatures
  7 snapping turtles
  19 freezing wraiths
  39 merfolk
  3 manticore zombies
  A snapping turtle skeleton (Hell)
  A raiju (shapeshifter) (Vaults:1)
  16 polar bears
  22 trolls
  2 iron imps (Hell)
  69 air elementals
  47 two-headed ogres
  10 wraiths
  A yak (shapeshifter) (Vaults:4)
  41 water elementals
  4 raiju (Lair:7)
  217 deep dwarves
  46 blink frogs
  28 vampire mosquitoes
  116 redbacks
  3 mottled dragons
  42 tarantellas
  97 spriggans
  A human zombie (Hell)
  46 yaks
  3 earth elementals
  A human (Lair:6)
  14 hippogriffs
  8 giant eyeballs
  11 wyverns
  An eye of draining (shapeshifter) (Vaults:3)
  A hungry ghost (D:5)
  3 basilisks
  A fire bat (Volcano)
  24 insubstantial wisps
  6 soldier ants (Lair:6)
  A black bear (shapeshifter) (Vaults:2)
  33 boggarts
  A steam dragon (Lair:4)
  27 wargs
  130 nagas
  3 small abominations
  15 wights
  24 water moccasins
  27 hell hounds
  A slave (D:5)
  16 black bears
  37 mummies
  4 ice beasts
  8 porcupines
  A sky beast (D:5)
  79 ogres
  5 shadow imps
  2 necrophages
  121 wasps
  101 orc warriors
  35 wolves
  15 crocodiles
  25 centaurs
  23 giant frogs
  2 gnoll sergeants
  Blork the orc (D:6)
  A water moccasin zombie (D:7)
  8 scorpions
  26 electric eels
  A vampire bat (Lair:1)
  5 crimson imps
  A howler monkey (D:6)
  3 lava snakes (Volcano)
  A centaur skeleton (D:5)
  Crazy Yiuf (D:7)
  A giant frog skeleton (D:6)
  4 gnoll shamans
  13 hounds
  63 orc priests
  57 orc wizards
  Natasha (thrice) (D:4)
  10 iguanas
  39 worker ants
  31 hell rats
  45 sheep
  A killer bee zombie (D:6)
  2 worker ant zombies
  5 dart slugs
  Robin (D:2)
  7 giant geckos
  40 gnolls
  3 oozes
  356 orcs
  5 worms
  23 adders
  9 giant cockroaches
  11 goblins
  11 hobgoblins
  24 jackals
  17 kobolds
  7 quokkas
  72 river rats
  5 white imps (Lair:4)
  2 adder skeletons
  An adder zombie (D:5)
  2 ball pythons
  15 bats
  A giant gecko skeleton (D:3)
  7 giant newts
  11 rats
  18 briar patches
  3 butterflies
  A crawling corpse (Elf:4)
  3 fungi
  6 plants
  6 snaplasher vines
  5 tentacles
6854 creatures vanquished.

Vanquished Creatures (collateral kills)
  An iron giant (shapeshifter) (Depths:2)
  A death cob (Zot:1)
  A tentacled monstrosity (Zot:2)
  A deep elf blademaster (Elf:4)
  A draconian knight (Zot:2)
  A draconian scorcher (Zot:2)
  A draconian zealot (Zot:7)
  A stone giant (Depths:2)
  2 red draconians (Zot:3)
  2 white draconians
  A purple draconian (Zot:2)
  2 yellow draconians
  A deep elf demonologist (Elf:4)
  A deep elf death mage (Elf:4)
  An anubis guard (Tomb:3)
  A deep elf mage (Elf:4)
  2 guardian mummies (Tomb:3)
  4 deep dwarf necromancers (Dwarf:3)
  2 flying skulls (Tomb:3)
  A deep dwarf artificer (Dwarf:3)
  3 deep dwarf scions (Dwarf:3)
  A snapping turtle skeleton (Tomb:3)
  10 deep dwarves (Dwarf:3)
  3 mummies (Tomb:3)
45 creatures vanquished.

Vanquished Creatures (others)
  A golden dragon (Zot:3)
  A lich (Tomb:3)
  2 draconian knights (Zot:6)
  A draconian scorcher (Zot:1)
  A frost giant (Depths:3)
  A red draconian (Zot:3)
  A purple draconian (Zot:7)
  3 tengu reavers
  2 storm dragons
  A deep elf elementalist (Elf:4)
  3 ghost moths
  A jiangshi (Depths:5)
  A yaktaur captain (Depths:6)
  A very ugly thing (Depths:6)
  A deep elf death mage (Elf:4)
  2 ice dragons
  A naga sharpshooter (Snake:1)
  A spriggan air mage (Depths:6)
  22 death scarabs
  2 shadow wraiths (Hell)
  A deep troll earth mage (Depths:3)
  A deep troll shaman (Depths:5)
  2 deep elf knights (Elf:3)
  2 deep trolls
  A vault guard (Vaults:4)
  An anaconda (Forest:6)
  2 iron trolls (Depths:2)
  A merfolk aquamancer (Shoals:4)
  7 necromancers
  2 deep elf magi
  A red devil (Hell)
  An orb spider (Spider:4)
  A shadow dragon skeleton (Tomb:3)
  A phantasmal warrior (Dwarf:3)
  3 tengu conjurers
  A wraith (Tar:2)
  A harpy (Shoals:2)
  A deep elf archer (Vaults:4)
  5 nagas
  8 flying skulls (Tomb:3)
  7 air elementals
  2 slime creatures (Depths:2)
  2 spriggans (Depths:2)
  A necrophage (Tar:1)
  An ettin skeleton (Tomb:3)
  2 swamp drakes
  A deep dwarf necromancer (Dwarf:3)
  A wasp (Depths:2)
  2 yaktaurs
  A fire giant simulacrum (Tomb:2)
  3 boggarts
  A two-headed ogre (Vaults:4)
  2 ogres (Depths:2)
  An iron imp (Hell)
  7 hell rats (Hell)
  A deep dwarf (Dwarf:3)
  An orc warrior (Vaults:4)
  6 wights
  A water moccasin (Lair:2)
  A black bear (Lair:7)
  4 mummies
  3 orc priests (Dwarf:4)
  2 wolves
  An orc wizard (Orc:7)
  11 orcs
  6 briar patches
  A bush (Lair:6)
  24 eldritch tentacle segments (Tar:1)
  8 fungi
  79 plants
  229 snaplasher vine segments
  5 tentacles
  206 tentacle segments
715 creatures vanquished.

Grand Total: 7614 creatures vanquished

Notes
Turn   | Place    | Note
-------+----------+-------------------------------------------
     0 | D:1      | chequers the Cave Troll Monk began the quest for the Orb.
     0 | D:1      | Reached XP level 1. HP: 38/38 MP: 75/75
   207 | D:1      | Reached XP level 2. HP: 51/51 MP: 75/75
   660 | D:2      | Reached XP level 3. HP: 61/64 MP: 75/75
   695 | D:2      | Noticed Robin
   710 | D:2      | Killed Robin
  1535 | D:3      | Reached XP level 4. HP: 77/77 MP: 75/75
  1669 | D:3      | Noticed a hippogriff
  1684 | D:3      | Killed a hippogriff
  1889 | D:3      | Reached XP level 5. HP: 90/90 MP: 75/75
  1988 | D:3      | Found a hazy altar of Hepliaklqana.
  2349 | D:4      | Noticed Natasha
  2356 | D:4      | Killed Natasha
  2394 | D:4      | Found a faded altar of an unknown god.
  2402 | D:4      | Reached skill level 5 in Unarmed Combat
  2467 | D:4      | Noticed Natasha
  2477 | D:4      | Killed Natasha
  2527 | D:4      | Noticed Natasha
  2533 | D:4      | Killed Natasha
  3328 | D:4      | Gained mutation: You are covered in thick fur. (AC +2) [Cave Troll growth]
  3328 | D:4      | Reached XP level 6. HP: 103/103 MP: 75/75
  3366 | D:4      | Found a shadowy altar of Dithmenos.
  3638 | D:5      | Entered Level 5 of the Dungeon
  3705 | D:5      | Found Esigh's Magic Scroll Boutique.
  3732 | D:5      | Bought a scroll of identify for 28 gold pieces
  3732 | D:5      | Bought a scroll of identify for 28 gold pieces
  3732 | D:5      | Bought a scroll of teleportation for 42 gold pieces
  3732 | D:5      | Bought a scroll of teleportation for 42 gold pieces
  3973 | D:5      | Found a snail-covered altar of Cheibriados.
  4304 | D:5      | Noticed a troll
  4323 | D:5      | Killed a troll
  4591 | D:5      | Noticed Pikel
  4600 | D:5      | Reached skill level 5 in Fighting
  4613 | D:5      | Killed Pikel
  4613 | D:5      | Reached skill level 6 in Unarmed Combat
  4613 | D:5      | Reached XP level 7. HP: 66/116 MP: 75/75
  4866 | D:6      | Noticed Blork the orc
  4876 | D:6      | Killed Blork the orc
  4968 | D:6      | HP: 10/116 [orc warrior/halberd (26)]
  4969 | D:6      | HP: 2/116 [orc warrior/halberd (9)]
  5068 | D:6      | Found Ycruasathri's Weapon Boutique.
  5171 | D:7      | Entered Level 7 of the Dungeon
  5571 | D:7      | Found a burning altar of Makhleb.
  5572 | D:7      | Found an ancient bone altar of Kikubaaqudgha.
  5614 | D:7      | Found a blossoming altar of Fedhas.
  5670 | D:7      | Found a staircase to the Lair.
  5670 | D:7      | Noticed an elephant
  5867 | D:7      | Found a runed door.
  5908 | D:7      | Noticed Crazy Yiuf
  5914 | D:7      | Killed Crazy Yiuf
  6073 | D:7      | Killed an elephant
  6073 | D:7      | Gained mutation: You gain a stamina from kills. [Cave Troll growth]
  6073 | D:7      | Reached XP level 8. HP: 117/129 MP: 69/75
  6335 | Lair:1   | Entered Level 1 of the Lair of Beasts
  6567 | Lair:1   | HP: 12/129 [wolf (6)]
  6567 | Lair:1   | HP: 2/129 [wolf (10)]
  6889 | Lair:1   | Reached skill level 7 in Unarmed Combat
  7323 | Lair:1   | Reached XP level 9. HP: 82/142 MP: 62/75
  8541 | Lair:2   | Found a dark tunnel.
  8567 | Volcano  | Entered a volcano
  8875 | Volcano  | Found a burning altar of Makhleb.
  8875 | Volcano  | Noticed an ogre mage
  8875 | Volcano  | Noticed a hill giant
  8875 | Volcano  | Noticed a hill giant
  8883 | Volcano  | Paralysed by an ogre mage for 2 turns
  8894 | Volcano  | Killed an ogre mage
  8908 | Volcano  | Killed a hill giant
  8917 | Volcano  | Killed a hill giant
  9294 | Lair:2   | Reached XP level 10. HP: 153/155 MP: 75/75
  9342 | Lair:2   | Reached skill level 8 in Unarmed Combat
  9802 | Lair:2   | Found a sacrificial altar of Ru.
  9993 | Lair:2   | Got a smoking golden ring
  9995 | Lair:2   | Identified the ring of Xiceyrin {+Blink Stlth+} (You found it on level 2 of the Lair of Beasts)
 11140 | Lair:3   | Found a staircase to the Snake Pit.
 11578 | Lair:3   | Noticed a three-headed hydra
 11945 | Lair:3   | Gained mutation: You have large cloven feet. [potion of mutation]
 11945 | Lair:3   | Gained mutation: You are partially covered in yellow scales. (AC +2) [potion of mutation]
 11945 | Lair:3   | Gained mutation: You are partially covered in molten scales. (AC +1) [potion of mutation]
 11952 | Lair:3   | Got an ancient amber ring
 12011 | Lair:3   | Identified the ring "Lenwonoi" {+Fly rElec Str+3 Dex+2} (You found it on level 3 of the Lair of Beasts)
 12378 | Lair:3   | Noticed a three-headed hydra
 12494 | Lair:4   | Reached skill level 9 in Unarmed Combat
 12510 | Lair:4   | Reached XP level 11. HP: 150/168 MP: 75/75
 13282 | Lair:4   | Found a staircase to the Swamp.
 13801 | Lair:4   | Reached skill level 10 in Unarmed Combat
 14225 | Lair:5   | Noticed a three-headed hydra
 14381 | Lair:5   | Killed a six-headed hydra
 14381 | Lair:5   | Gained mutation: Your thick and shaggy fur keeps you warm. (AC +3, rC+) [Cave Troll growth]
 14381 | Lair:5   | Reached XP level 12. HP: 177/181 MP: 75/75
 14405 | Lair:5   | Found a staircase to the Shoals.
 15075 | Lair:5   | Reached skill level 11 in Unarmed Combat
 15431 | Lair:6   | Reached skill level 10 in Fighting
 16056 | Lair:6   | Found a stormy altar of Qazlal.
 16177 | Lair:6   | Reached XP level 13. HP: 165/194 MP: 75/75
 16393 | Lair:6   | Reached skill level 12 in Unarmed Combat
 17182 | Lair:7   | Entered Level 7 of the Lair of Beasts
 17747 | Lair:7   | Found a staircase to the Orcish Mines.
 17780 | Lair:7   | Reached skill level 13 in Unarmed Combat
 17896 | Lair:7   | HP: 15/194 [spiny frog (7)]
 18098 | Lair:7   | Reached skill level 1 in Armour
 18132 | Lair:7   | Noticed Rupert
 18143 | Lair:7   | Reached XP level 14. HP: 173/207 MP: 75/75
 18474 | Lair:7   | Paralysed by a hornet for 1 turns
 19085 | Lair:7   | Got a flickering wooden ring
 19087 | Lair:7   | Identified the ring "Jiamn" {+Inv rElec rPois Dex-3 SInv} (You found it on level 7 of the Lair of Beasts)
 19627 | Orc:1    | Entered Level 1 of the Orcish Mines
 19715 | Orc:1    | Found a roughly hewn altar of Beogh.
 20120 | Orc:1    | Found a roughly hewn altar of Beogh.
 20248 | Orc:2    | Found a roughly hewn altar of Beogh.
 20509 | Orc:3    | Found a roughly hewn altar of Beogh.
 20687 | Orc:3    | Noticed Maurice
 20696 | Orc:3    | Killed Maurice
 20731 | Orc:3    | Noticed an orc warlord
 20746 | Orc:3    | Killed an orc warlord
 20818 | Orc:3    | Found a hole to the Spider Nest.
 20933 | Orc:3    | Found a flagged portal.
 20939 | Bailey   | Entered a bailey
 22170 | Orc:4    | Noticed Maud
 22190 | Orc:4    | Killed Maud
 22924 | Orc:4    | Reached skill level 14 in Unarmed Combat
 23061 | Orc:3    | Found Ygapuwn's Antique Weapon Shop.
 23734 | Orc:5    | Reached skill level 5 in Armour
 23981 | Orc:5    | Reached XP level 15. HP: 116/220 MP: 41/75
 25011 | Orc:6    | Found a staircase to the Dwarven Fortress.
 25019 | Orc:6    | Reached skill level 1 in Throwing
 25072 | Orc:6    | Found a staircase to the Elven Halls.
 26241 | Orc:7    | Entered Level 7 of the Orcish Mines
 26255 | Orc:7    | Reached skill level 15 in Unarmed Combat
 26890 | Orc:7    | Found Bequyn's Assorted Antiques.
 26948 | Orc:7    | Bought a potion of heal wounds for 272 gold pieces
 26948 | Orc:7    | Bought a scroll of identify for 68 gold pieces
 26948 | Orc:7    | Bought a scroll of identify for 68 gold pieces
 26948 | Orc:7    | Bought a scroll of identify for 68 gold pieces
 26948 | Orc:7    | Bought a scroll of identify for 68 gold pieces
 26982 | Orc:7    | Reached skill level 15 in Fighting
 27134 | Orc:7    | Found a bloodstained altar of Trog.
 27213 | Orc:7    | Found a staircase to the Enchanted Forest.
 27436 | Orc:6    | Gained mutation: You gain a lot of stamina from kills. [Cave Troll growth]
 27436 | Orc:6    | Reached XP level 16. HP: 211/233 MP: 68/75
 27807 | Lair:1   | Gained mutation: Your mind is acute. (Int +2) [potion of beneficial mutation]
 27895 | D:7      | Became a worshipper of Makhleb the Destroyer
 27895 | D:7      | Reached * piety under Makhleb
 27895 | D:7      | Reached ** piety under Makhleb
 28692 | Shoals:1 | Entered Level 1 of the Shoals
 29163 | Shoals:1 | Reached *** piety under Makhleb
 29384 | Shoals:1 | Reached skill level 5 in Throwing
 29742 | Shoals:2 | Reached skill level 10 in Armour
 29764 | Shoals:2 | Found Xoti's Antique Weapon Shoppe.
 29790 | Shoals:2 | Reached **** piety under Makhleb
 30040 | Shoals:2 | Got a bloodstained robe
 30154 | Shoals:2 | Found Bucipt's Jewellery Emporium.
 30162 | Shoals:2 | Bought the ring of Foil {rPois rF+ rC+ Str+3 Int+3} for 725 gold pieces
 30216 | Shoals:2 | Noticed Nikola
 30238 | Shoals:2 | Killed Nikola
 30238 | Shoals:2 | Reached skill level 16 in Unarmed Combat
 30240 | Shoals:2 | Found Wuxaler's Jewellery Shop.
 30288 | Shoals:2 | Found Zoqeumim's General Store.
 30303 | Shoals:2 | Bought a scroll of enchant armour for 90 gold pieces
 30303 | Shoals:2 | Bought a scroll of identify for 24 gold pieces
 30303 | Shoals:2 | Bought a scroll of magic mapping for 42 gold pieces
 30303 | Shoals:2 | Bought a scroll of magic mapping for 42 gold pieces
 31189 | Shoals:3 | Noticed Polyphemus
 31195 | Shoals:3 | Killed Polyphemus
 31224 | Shoals:3 | Reached ***** piety under Makhleb
 31516 | Shoals:3 | Reached XP level 17. HP: 246/246 MP: 56/75
 31980 | Shoals:4 | Entered Level 4 of the Shoals
 31994 | Shoals:4 | Found Senefios's Weapon Shop.
 32307 | Shoals:4 | Reached ****** piety under Makhleb
 32758 | Shoals:4 | Noticed Ilsuiw
 32861 | Shoals:4 | Killed Ilsuiw
 33162 | Shoals:4 | Got a barnacled rune of Zot
 33201 | Shoals:4 | Ultraviolent4: whats cave troll do
 33274 | Shoals:4 | Identified Sif Muna's Reference Book on Air and Ignition
 33275 | Shoals:4 | chequers: it's basically normal troll
 33275 | Shoals:4 | chequers: you get a bit more AC and stamina from kills
 33275 | Shoals:4 | chequers: the latter makes them the only fun race to play as melee
 33640 | Orc:6    | chequers: the runes required are randomised
 33640 | Orc:6    | chequers: which is annoying
 33719 | Forest:1 | Entered Level 1 of the Enchanted Forest
 33891 | Forest:1 | Ultraviolent4: you broke it
 33892 | Forest:1 | chequers: rip
 33892 | Forest:1 | chequers: no shoot lightning
 34128 | Forest:1 | Noticed Xtahua
 34142 | Forest:1 | Killed Xtahua
 34142 | Forest:1 | Reached skill level 17 in Unarmed Combat
 34146 | Forest:1 | Reached skill level 1 in Invocations
 36298 | Forest:2 | Got a sparkling golden ring
 36299 | Forest:2 | Identified the ring "Osoruot" {Int+3 Stlth-} (You found it on level 2 of the Enchanted Forest)
 36341 | Forest:2 | chequers: wtf
 36341 | Forest:2 | chequers: spin cycle in forest
 36484 | Forest:2 | Paralysed by a giant eyeball for 4 turns
 36484 | Forest:2 | Ultraviolent4: yea thats funny
 36607 | Forest:2 | Ultraviolent4: ive never seen forest before
 36652 | Forest:2 | chequers: most of its enemies were moved to swamp or shoals as you can see
 36652 | Forest:2 | chequers: the interesting mechanic was that the walls were trees so you could start forest fires
 36652 | Forest:2 | chequers: which was cool the first time
 36663 | Forest:2 | Got a ring of the Octopus King
 36673 | Forest:2 | Identified a ring of the Octopus King {rN+ AC+1 EV+1 Str+1 Int+1 Dex+1} (You took it off a vampire mage on level 2 of the Enchanted Forest)
 36704 | Forest:2 | Ultraviolent4: https://upload.wikimedia.org/wikipedia/commons/thumb/a/ae/Smokey3.jpg/409px-Smokey3.jpg
 36718 | Forest:2 | Reached XP level 18. HP: 259/259 MP: 72/75
 36899 | Forest:2 | Found a staircase to the Crypt.
 36924 | Forest:2 | Ultraviolent4: crypt in forest ok
 36956 | Forest:2 | Got a pitted bone ring
 36958 | Forest:2 | Identified the ring "Toxoer" {rN+ Str+4 Int+3 Dex+3} (You found it on level 2 of the Enchanted Forest)
 37017 | Forest:2 | Found Milunarr's Antique Armour Emporium.
 37106 | Forest:2 | Found Kups's Book Boutique.
 37117 | Forest:2 | Bought a book of Party Tricks for 650 gold pieces
 37121 | Forest:2 | Got a shadowed robe
 37336 | Forest:2 | Got a glittering bronze ring
 37338 | Forest:2 | Identified the ring "Mohaejao" {Ice rElec rPois Int+4 SP-25} (You found it on level 2 of the Enchanted Forest)
 37428 | Forest:3 | chequers: this is soooo boring
 37428 | Forest:3 | chequers: you start with like 100hp in dcss-ca for whatever reason
 37428 | Forest:3 | chequers: and in this build i forgot but enemies can't attack you while taking stairs
 37428 | Forest:3 | chequers: so you're literally invincible after about d:3
 37685 | Forest:3 | Got a slimy cloak
 37696 | Forest:3 | Identified the +2 cloak of Qewnuoph {*Contam +Fly rElec Int+3} (You found it on level 3 of the Enchanted Forest)
 37731 | Forest:3 | Identified a +1 rod of shadows (11/11) (You found it on level 2 of the Enchanted Forest)
 37834 | Forest:3 | Ultraviolent4: who would buff stair dancing....?
 37909 | Forest:3 | chequers: the goal was to make stair climbing interrupted if you took damage, and player movement is 1.1
 37909 | Forest:3 | chequers: but i guess it was buggy :>
 37968 | Forest:3 | Ultraviolent4: hahahha
 38020 | Forest:3 | Found an ancient bone altar of Kikubaaqudgha.
 38714 | Forest:3 | chequers: and these goddamn 10x10km maps
 39209 | Forest:3 | Ultraviolent4: looks like a typical depths floor to me ;)
 39952 | Forest:4 | chequers: typical depths bore
 40057 | Forest:4 | Ultraviolent4: oh i just noticed you have 75 MP
 40057 | Forest:4 | Ultraviolent4: thats insane with guardian spirit lol
 40057 | Forest:4 | chequers: you start with 75-150
 40057 | Forest:4 | chequers: VS good therefore
 40057 | Forest:4 | chequers: but almost every weapon uses ~5sp at XL1, so you can only swing 20 times before you need to rest
 40057 | Forest:4 | chequers: and if you keep swinging you start to rot
 40057 | Forest:4 | chequers: least good idea ever
 40153 | Forest:4 | Reached skill level 5 in Invocations
 40640 | Forest:4 | Reached skill level 5 in Dodging
 40959 | Forest:4 | Reached skill level 18 in Unarmed Combat
 41083 | Forest:4 | Ultraviolent4: this fork sounds painful lol
 41401 | Forest:4 | chequers: to be fair there are two difficulty levels
 41401 | Forest:4 | chequers: and the goal was to make 'standard' a little easier than vanilla
 41739 | Forest:4 | chequers: it was just never balanced
 42245 | Forest:4 | chequers: focus on features which is fair enough
 42245 | Forest:4 | chequers: where else do you get time magic as a skill
 42245 | Forest:4 | Ultraviolent4: who made it?
 42283 | Forest:5 | chequers: jeremygurr
 43366 | Forest:5 | Found a basalt altar of Yredelemnul.
 43597 | Forest:5 | Reached XP level 19. HP: 272/272 MP: 74/75
 44763 | Forest:6 | chequers: 2 levels to go
 44822 | Forest:6 | Reached skill level 10 in Throwing
 44900 | Forest:6 | Found a gate to the Vaults.
 44900 | Forest:6 | Found a viscous altar of Jiyva.
 44900 | Forest:6 | Found a staircase to the Slime Pits.
 44908 | Forest:6 | Ultraviolent4: forest 8? ugh
 44909 | Vaults:1 | Entered Level 1 of the Vaults
 44909 | Vaults:1 | Ultraviolent4: oh you go into vaults what
 44909 | Vaults:1 | chequers: oh yeah, it has rune curses which is really nice
 44909 | Vaults:1 | chequers: they are poorly balanced but it gave a real ending to the game. the game would slowly ratchet up difficulty and getting >5 runes was tricky
 45572 | Vaults:1 | Got a twisted robe
 45580 | Vaults:1 | Found a radiant altar of Vehumet.
 45890 | Vaults:1 | Identified a scroll of acquirement
 47608 | Vaults:2 | Reached skill level 19 in Unarmed Combat
 47617 | Vaults:2 | Paralysed by a great orb of eyes for 6 turns
 48119 | Vaults:2 | Reached XP level 20. HP: 285/285 MP: 47/75
 48204 | Vaults:3 | chequers: l8r
 48373 | Vaults:3 | Noticed Aizul
 48378 | Vaults:3 | Killed Aizul
 49475 | Vaults:3 | Found a gateway to a bazaar.
 49545 | Bazaar   | Entered a bazaar
 49560 | Bazaar   | Found Izyrihi's Antique Weapon Boutique.
 49560 | Bazaar   | Found Leappol's Antique Armour Shop.
 49588 | Bazaar   | Found Vaarpho Qim's Weapon Boutique.
 49622 | Bazaar   | Found Feul's Distillery.
 49629 | Bazaar   | Bought a potion of might for 40 gold pieces
 49629 | Bazaar   | Bought a potion of curing for 30 gold pieces
 49629 | Bazaar   | Bought 2 potions of curing for 60 gold pieces
 49629 | Bazaar   | Bought a potion of berserk rage for 50 gold pieces
 49629 | Bazaar   | Bought a potion of cancellation for 80 gold pieces
 49641 | Bazaar   | Found Falliep's Jewellery Boutique.
 50336 | Vaults:3 | Found a portal to a secret trove of treasure.
 50572 | Vaults:4 | Entered Level 4 of the Vaults
 50603 | Vaults:4 | Noticed an ancient lich
 50634 | Vaults:4 | Killed an ancient lich
 50647 | Vaults:4 | Paralysed by a giant eyeball for 4 turns
 50715 | Vaults:4 | HP: 20/285 [vault guard/great sword of slicing (28)]
 50715 | Vaults:4 | HP: 6/285 [vault guard/great sword of slicing (14)]
 51120 | Vaults:4 | Got a silver rune of Zot
 51162 | Vaults:4 | Noticed a golden dragon
 51174 | Vaults:4 | Killed a golden dragon
 51260 | Vaults:4 | Reached skill level 20 in Unarmed Combat
 51326 | Vaults:4 | Noticed an ancient lich
 51334 | Vaults:4 | Killed an ancient lich
 51411 | Vaults:4 | Reached skill level 10 in Invocations
 51420 | Vaults:4 | Noticed an ancient lich
 51430 | Vaults:4 | Killed an ancient lich
 51430 | Vaults:4 | Reached XP level 21. HP: 290/298 MP: 27/75
 51842 | Vaults:4 | Reached skill level 15 in Armour
 52358 | Vaults:4 | Identified the Handbook of the Quantum Blaze
 52403 | Vaults:4 | Identified Mootzog's Compendium of Darkness and Time
 54212 | Forest:6 | Learned a level 1 spell: Apportation
 54215 | Forest:6 | Learned a level 2 spell: Blink
 54221 | Forest:6 | Learned a level 5 spell: Silence
 55618 | Forest:7 | Entered Level 7 of the Enchanted Forest
 55651 | Forest:7 | Found a staircase to the Depths.
 56227 | Forest:7 | Noticed a giant centipede
 56243 | Forest:7 | Killed a giant centipede
 56243 | Forest:7 | Reached skill level 21 in Unarmed Combat
 57334 | Forest:7 | Noticed the Enchantress
 57356 | Forest:7 | Killed the Enchantress
 57393 | Forest:7 | Got a faerie dragon armour
 57394 | Forest:7 | Identified the +2 faerie dragon armour {Int+3 SP+25} (You took it off the Enchantress on level 7 of the Enchanted Forest)
 57632 | Forest:7 | Learned a level 1 spell: Summon Butterflies
 59009 | Dwarf:1  | Entered Level 1 of the Dwarven Fortress
 59751 | Dwarf:1  | Reached XP level 22. HP: 311/311 MP: 72/75
 61672 | Dwarf:2  | Reached skill level 22 in Unarmed Combat
 62623 | Dwarf:3  | Noticed Frances
 62634 | Dwarf:3  | Killed Frances
 63108 | Dwarf:3  | Found Souto's Weapon Emporium.
 63542 | Dwarf:4  | Entered Level 4 of the Dwarven Fortress
 63920 | Dwarf:4  | Identified a -3 rod of warding (14/14) (You took it off a deep dwarf artificer on level 2 of the Dwarven Fortress)
 64099 | Dwarf:4  | Noticed a giant centipede
 64114 | Dwarf:4  | Killed a giant centipede
 64755 | Dwarf:4  | Got a bound glass ring
 64961 | Dwarf:4  | Got a dwarven rune of Zot
 64999 | Dwarf:4  | Found an iron altar of Okawaru.
 65006 | Dwarf:4  | Found a white marble altar of Elyvilon.
 65918 | Spider:1 | Entered Level 1 of the Spider Nest
 65962 | Spider:1 | Identified the ring "Osios" {rN+ Int+2} (You took it off a deep dwarf on level 4 of the Dwarven Fortress)
 65975 | Spider:1 | Learned a level 8 spell: Necromutation
 66060 | Spider:1 | Reached skill level 1 in Darkness Magic
 66081 | Spider:1 | Reached skill level 1 in Air Magic
 66096 | Spider:1 | Reached skill level 1 in Hexes
 66238 | Spider:1 | Identified the Catalogue of Destructive Ice (You found it on level 1 of the Spider Nest)
 66599 | Spider:1 | Got a coiled copper amulet
 66600 | Spider:1 | Identified the amulet of the Gloaming {Faith rN+ Stlth+} (You found it on level 1 of the Spider Nest)
 67491 | Spider:2 | Reached skill level 1 in Shields
 69015 | Spider:2 | Noticed Arachne
 69036 | Spider:2 | Killed Arachne
 69646 | Spider:3 | Reached XP level 23. HP: 324/324 MP: 67/75
 69689 | Spider:3 | Reached skill level 1 in Spellcasting
 69855 | Spider:3 | Reached skill level 5 in Shields
 70037 | Spider:3 | Noticed Louise
 70057 | Spider:3 | Killed Louise
 70443 | Spider:4 | Entered Level 4 of the Spider Nest
 71086 | Spider:4 | Got a gossamer rune of Zot
 71169 | Spider:4 | Got a faintly glowing swamp dragon armour
 71952 | Elf:1    | Entered Level 1 of the Elven Halls
 72169 | Elf:1    | Found an ancient bone altar of Kikubaaqudgha.
 75144 | Elf:2    | Found a runed gate.
 75144 | Elf:2    | Found a runed gate.
 75149 | Elf:2    | Found a runed gate.
 75299 | Elf:2    | Reached skill level 5 in Darkness Magic
 76608 | Elf:3    | Found Puntet Xurr's Gadget Boutique.
 76616 | Elf:3    | Bought a phial of floods for 800 gold pieces
 76616 | Elf:3    | Bought a sack of spiders for 600 gold pieces
 76616 | Elf:3    | Bought a sack of spiders for 600 gold pieces
 77101 | Elf:4    | Entered Level 4 of the Elven Halls
 77164 | Elf:4    | Reached skill level 5 in Hexes
 77316 | Elf:4    | Reached skill level 5 in Air Magic
 78051 | Elf:4    | Gained mutation: You are weak. (Str -2) [a cacodemon]
 78121 | Elf:4    | Cast into level 3 of the Abyss (a deep elf sorcerer)
 78310 | Abyss:3  | Found a corrupted altar of Lugonu.
 78497 | Abyss:3  | Got an abyssal rune of Zot
 78729 | Elf:4    | Escaped the Abyss
 78883 | Elf:4    | Identified Sif Muna's Reference Book on the Feathery Oath
 78893 | Elf:4    | Learned a level 5 spell: Summon Mana viper
 78896 | Elf:4    | Identified the Almanac of the Creative Snowflakes
 78908 | Elf:4    | Got a coiled golden amulet
 78909 | Elf:4    | Identified the amulet "Osath" {Harm *Drain rElec MR+ Int-2 Slay+3} (You found it on level 4 of the Elven Halls)
 78914 | Elf:4    | Identified Sif Muna's Reference Book on Evil Rituals and Attacks
 78938 | Elf:4    | Got an elven rune of Zot
 78964 | Elf:4    | Got a bound steel ring
 78966 | Elf:4    | Identified the ring "Ruzuseti" {+Fly rF+} (You found it on level 4 of the Elven Halls)
 79478 | Swamp:1  | Entered Level 1 of the Swamp
 80549 | Swamp:4  | Entered Level 4 of the Swamp
 80946 | Swamp:4  | Reached skill level 23 in Unarmed Combat
 80969 | Swamp:4  | Noticed the 27-headed Lernaean hydra
 80971 | Swamp:4  | Reached XP level 24. HP: 337/337 MP: 68/75
 80985 | Swamp:4  | Killed the 27-headed Lernaean hydra
 81046 | Swamp:4  | Got a decaying rune of Zot
 81552 | Lair:7   | Killed Rupert
 82154 | Depths:1 | Entered Level 1 of the Depths
 82182 | Depths:1 | Found a gateway to a ziggurat.
 82285 | Depths:1 | Found a magical portal.
 82294 | WizLab   | Entered The Chambers of the Cloud Mage
 82647 | WizLab   | Identified Isotel's Disquisition on Air
 82653 | WizLab   | Identified Sif Muna's Tome of Feathers
 82800 | Depths:1 | Learned a level 6 spell: Deflect Missiles
 83298 | Depths:1 | Got a shimmering brass ring
 83300 | Depths:1 | Identified the ring "Ticree" {rCorr +Blink} (You acquired it on level 1 of the Depths)
 83510 | Depths:1 | Reached skill level 24 in Unarmed Combat
 83912 | Depths:1 | Ultraviolent4: any aspiring centres?
 83940 | Depths:1 | chequers: not yet
 83940 | Depths:1 | chequers: maybe tomorrow morning
 83940 | Depths:1 | Ultraviolent4: kk
 83940 | Depths:1 | chequers: but i think prob not
 83940 | Depths:1 | chequers: i can play C if needed
 84183 | Depths:1 | Found a gateway to Hell.
 84415 | Depths:1 | Found a one-way gate leading to the halls of Pandemonium.
 84671 | Depths:1 | Ultraviolent4: what are you doing
 84671 | Depths:1 | Ultraviolent4: lol that was crazy
 84671 | Depths:1 | chequers: not dying
 84671 | Depths:1 | chequers: at all
 84672 | Depths:2 | Ultraviolent4: ez
 84682 | Depths:2 | Ultraviolent4: what in tarnation
 84736 | Depths:1 | chequers: boggart hell
 84812 | Depths:2 | Paralysed by a great orb of eyes for 3 turns
 84815 | Depths:2 | Ultraviolent4: oh ok our other guy that hadnt replied is in
 84827 | Depths:2 | Ultraviolent4: so we should be right with just the gk
 84909 | Depths:2 | Paralysed by a great orb of eyes for 4 turns
 84912 | Depths:2 | Noticed a giant centipede
 84912 | Depths:2 | an emperor scorpion changed into a giant centipede
 84918 | Depths:2 | Noticed a juggernaut
 84918 | Depths:2 | a giant centipede changed into a juggernaut
 84934 | Depths:2 | Paralysed by a giant eyeball for 2 turns
 84935 | Depths:2 | a juggernaut changed into an iron giant
 84936 | Depths:1 | chequers: yeah, she's good
 84936 | Depths:1 | chequers: oh cool
 84999 | Depths:2 | Noticed Margery
 85043 | Depths:2 | Paralysed by a vampire knight for 7 turns
 85083 | Depths:2 | chequers: ffs
 85146 | Depths:2 | Ultraviolent4: lucky its not hellcrawl
 85205 | Depths:2 | Ultraviolent4: no stairs would make that fun
 85225 | Depths:2 | Paralysed by a giant eyeball for 3 turns
 85279 | Depths:2 | Paralysed by a giant eyeball for 3 turns
 85326 | Depths:2 | Ultraviolent4: so you we have 7 and if my sister does pull out 6 is fine
 85329 | Depths:1 | chequers: cool
 85363 | Depths:2 | chequers: lol
 85374 | Depths:2 | Reached skill level 25 in Unarmed Combat
 85550 | Depths:2 | Paralysed by a great orb of eyes for 7 turns
 85611 | Depths:2 | Killed Margery
 85702 | Depths:2 | Ultraviolent4: can i put a screenshot of this in my guide? lol
 85712 | Depths:1 | chequers: sure
 85712 | Depths:1 | chequers: what do you want
 85712 | Depths:1 | chequers: me on the stairs?
 85713 | Depths:2 | Ultraviolent4: yea i took it :D
 85713 | Depths:2 | chequers: kk
 85719 | Depths:2 | Paralysed by a great orb of eyes for 6 turns
 85728 | Depths:2 | chequers: welp
 85728 | Depths:2 | chequers: iron giants
 85728 | Depths:2 | Ultraviolent4: "there's no ammount of monsters that's too big to stairdance"
 85728 | Depths:2 | Ultraviolent4: oh o
 85747 | Depths:2 | Noticed a shard shrike
 85833 | Depths:2 | Killed a shard shrike
 85924 | Depths:2 | chequers: "or too small" and link zxc stairdancing rats
 86007 | Depths:2 | Reached XP level 25. HP: 350/350 MP: 28/75
 86024 | Depths:2 | Ultraviolent4: rofl
 86287 | Depths:2 | Cast into level 3 of the Abyss (hell knight)
 86290 | Depths:2 | Escaped the Abyss
 86429 | Depths:2 | Found Dawiozuhi's Assorted Antiques.
 86462 | Depths:2 | ManMan: Boggarts OP
 86648 | Depths:2 | Bought a potion of stamina for 152 gold pieces
 86648 | Depths:2 | Bought a scroll of fog for 38 gold pieces
 86648 | Depths:2 | Bought a scroll of summoning for 180 gold pieces
 86724 | Depths:2 | Reached skill level 26 in Unarmed Combat
 86936 | Depths:2 | Noticed a juggernaut
 86936 | Depths:2 | a titan changed into a juggernaut
 86940 | Depths:2 | a juggernaut changed into an iron giant
 87590 | Depths:2 | chequers: check it out. i have 96% fail for necro mutation in gda
 87590 | Depths:2 | chequers: and 0 skill in tmut and necro
 87618 | Depths:3 | Reached skill level 1 in Evocations
 87619 | Depths:3 | Paralysed by a lich for 7 turns
 87951 | Depths:3 | Reached skill level 5 in Evocations
 87983 | Depths:3 | Noticed a juggernaut
 88247 | Depths:3 | chequers: i wonder if i'll reach xl28
 88536 | Depths:3 | Ultraviolent4: is there no XL limit?
 88630 | Depths:3 | Found a one-way gate to the infinite horrors of the Abyss.
 88777 | Depths:3 | chequers: there is no xl or skill limit
 89070 | Depths:4 | Ultraviolent4: infinite HP Kreygasm
 89134 | Depths:4 | chequers: yes but the scaling gets pretty crazy in the 30s
 89395 | Depths:4 | Noticed Jory
 89489 | Depths:4 | chequers: it also has this feature. damage is capped to a % of max hp
 89494 | Depths:4 | Killed Jory
 89540 | Depths:4 | Noticed a giant centipede
 89558 | Depths:4 | Killed a giant centipede
 89588 | Depths:4 | Reached skill level 27 in Unarmed Combat
 89688 | Depths:4 | chequers: there you go, 27.1 skill
 89962 | Depths:4 | Noticed a giant centipede
 89991 | Depths:4 | Killed a giant centipede
 90826 | Depths:5 | Noticed a juggernaut
 90829 | Depths:5 | a juggernaut changed into a shard shrike
 90856 | Depths:5 | Noticed a juggernaut
 90871 | Depths:5 | Noticed a juggernaut
 90871 | Depths:5 | an iron giant changed into a juggernaut
 90951 | Depths:5 | a juggernaut changed into an iron giant
 90963 | Depths:5 | Noticed a giant centipede
 91181 | Depths:5 | Noticed a juggernaut
 91181 | Depths:5 | a caustic shrike changed into a juggernaut
 91183 | Depths:5 | a juggernaut changed into an iron giant
 91278 | Depths:5 | Reached XP level 26. HP: 363/363 MP: 68/75
 91321 | Depths:5 | Killed a giant centipede
 91586 | Depths:5 | Paralysed by a vampire knight for 7 turns
 91637 | Depths:5 | HP: 28/363 [flayed ghost/flay_damage (45)]
 91738 | Depths:5 | Paralysed by a vampire knight for 2 turns
 91747 | Depths:5 | HP: 26/363 [flayed ghost/flay_damage (21)]
 91786 | Depths:5 | Paralysed by something for 7 turns
 92294 | Depths:5 | Reached skill level 27 in Fighting
 92294 | Depths:5 | Reached skill level 1 in Charms
 92697 | Depths:5 | Reached skill level 28 in Unarmed Combat
 92982 | Depths:6 | Noticed a juggernaut
 92982 | Depths:6 | a titan changed into a juggernaut
 92990 | Depths:6 | a juggernaut changed into a shard shrike
 92999 | Depths:6 | Paralysed by a vampire knight for 2 turns
 93018 | Depths:6 | Ultraviolent4: OSfrog
 93300 | Depths:6 | Noticed an ancient lich
 93325 | Depths:6 | Killed an ancient lich
 93554 | Depths:6 | chequers: afk 10
 93814 | Depths:6 | Reached skill level 5 in Charms
 94208 | Depths:6 | Found a staircase to the Tomb.
 94761 | Depths:7 | Entered Level 7 of the Depths
 94783 | Depths:7 | Reached skill level 29 in Unarmed Combat
 94978 | Depths:7 | Paralysed by a sphinx for 5 turns
 95025 | Depths:7 | Noticed Jorgrun
 95051 | Depths:7 | Killed Jorgrun
 95565 | Depths:7 | Found a sparkling altar of Nemelex Xobeh.
 95798 | Depths:7 | Reached skill level 15 in Invocations
 95798 | Depths:7 | Reached XP level 27. HP: 376/376 MP: 75/75
 95934 | Depths:7 | Found a gate to the Realm of Zot.
 96111 | Tomb:1   | Entered Level 1 of the Tomb of the Ancients
 96587 | Tomb:2   | Got a shimmering jade amulet
 96588 | Tomb:2   | Identified the amulet "Fumiruc" {QuickCast Int+3} (You acquired it on level 2 of the Tomb of the Ancients)
 97732 | Tomb:2   | Noticed a greater mummy
 97750 | Tomb:2   | Killed a greater mummy
 97806 | Tomb:2   | Paralysed by a sphinx for 6 turns
 98631 | Tomb:3   | Noticed a greater mummy
 98631 | Tomb:3   | Noticed a greater mummy
 98631 | Tomb:3   | Noticed a greater mummy
 98634 | Tomb:3   | Noticed a greater mummy
 98645 | Tomb:3   | HP: 25/376 [flayed ghost/flay_damage[a greater mummy] (48)]
 98794 | Tomb:3   | HP: 33/376 [anubis guard/bolt of negative energy (72)]
 98835 | Tomb:2   | Noticed a greater mummy
 98835 | Tomb:2   | Noticed a greater mummy
 98836 | Tomb:2   | Noticed a greater mummy
 98837 | Tomb:2   | Noticed a greater mummy
 98837 | Tomb:2   | Noticed a greater mummy
 98839 | Tomb:2   | Noticed a greater mummy
 98839 | Tomb:2   | Noticed a greater mummy
 98843 | Tomb:2   | HP: 28/376 [greater mummy/divine providence (16)]
 99521 | Snake:1  | Entered Level 1 of the Snake Pit
100869 | Snake:1  | Reached skill level 30 in Unarmed Combat
102278 | Snake:3  | Noticed Vashnia
102292 | Snake:3  | Killed Vashnia
103037 | Snake:4  | Entered Level 4 of the Snake Pit
104141 | Snake:4  | Got a serpentine rune of Zot
105151 | Hell     | Entered the Vestibule of Hell
105151 | Hell     | Noticed Geryon
105279 | Hell     | Reached skill level 31 in Unarmed Combat
105352 | Hell     | HP: 36/376 [reaper/scythe of protection (15)]
105863 | Hell     | Killed Geryon
105935 | Hell     | Found a gateway to the decaying netherworld of Tartarus.
105991 | Hell     | Found a gateway to the freezing wastes of Cocytus.
106067 | Hell     | Found a gateway to the ashen valley of Gehenna.
106147 | Hell     | Found a gateway to the Iron City of Dis.
106321 | Tar:1    | Entered Level 1 of Tartarus
106336 | Tar:1    | Reached XP level 28. HP: 388/388 MP: 53/75
106894 | Tar:2    | HP: 32/387 [reaper/scythe of freezing (28)]
107428 | Zot:1    | Entered Level 1 of the Realm of Zot
107614 | Zot:1    | Reached skill level 10 in Evocations
108804 | Zot:2    | Noticed an ancient lich
108843 | Zot:2    | Killed an ancient lich
108859 | Zot:2    | Reached skill level 32 in Unarmed Combat
109365 | Zot:2    | Reached skill level 10 in Shields
111171 | Zot:2    | Got a bound copper ring
111173 | Zot:2    | Identified the ring of Ufusipeast {MR+ SP+25} (You found it on level 2 of the Realm of Zot)
111682 | Zot:3    | Noticed an orb of fire
111694 | Zot:3    | Killed an orb of fire
112757 | Zot:4    | Reached XP level 29. HP: 401/401 MP: 26/75
114046 | Zot:5    | Reached skill level 27 in Armour
114100 | Zot:5    | Reached skill level 33 in Unarmed Combat
117487 | Zot:6    | Got a vibrating lead amulet
117546 | Zot:6    | Identified the amulet "Bouxiuj" {Faith Fragile rPois MP+25 SInv} (You found it on level 6 of the Realm of Zot)
117965 | Zot:7    | Entered Level 7 of the Realm of Zot
118938 | Zot:7    | Reached skill level 34 in Unarmed Combat
119470 | Zot:7    | Noticed an ancient lich
119476 | Zot:7    | Killed an ancient lich
119580 | Zot:7    | Noticed an ancient lich
119588 | Zot:7    | Killed an ancient lich
119593 | Zot:7    | Noticed an orb of fire
119605 | Zot:7    | Killed an orb of fire
119682 | Zot:7    | Noticed an orb of fire
119692 | Zot:7    | Killed an orb of fire
119701 | Zot:7    | Noticed an orb of fire
119715 | Zot:7    | Killed an orb of fire
119716 | Zot:7    | Noticed an orb of fire
119725 | Zot:7    | Killed an orb of fire
119945 | Zot:7    | Reached XP level 30. HP: 415/415 MP: 75/75
119953 | Zot:7    | Noticed an orb of fire
119966 | Zot:7    | Killed an orb of fire
119968 | Zot:7    | Noticed an orb of fire
119993 | Zot:7    | Killed an orb of fire
120078 | Zot:7    | Noticed an orb of fire
120085 | Zot:7    | Killed an orb of fire
120269 | Zot:7    | Got the Orb of Zot
120293 | Zot:7    | Noticed an orb of fire
120305 | Zot:7    | Killed an orb of fire
120366 | Zot:7    | Noticed an ancient lich
120375 | Zot:7    | Killed an ancient lich
120386 | Zot:7    | Reached skill level 15 in Shields
120527 | Zot:6    | HP: 12/414 [mottled draconian annihilator/iron shot (124)]
120692 | Zot:6    | Reached skill level 15 in Evocations
120776 | Zot:3    | Noticed an orb of fire
120790 | Zot:3    | Killed an orb of fire
120975 | Zot:1    | Entered Level 1 of the Realm of Zot
120985 | Zot:1    | Reached skill level 35 in Unarmed Combat
121179 | Zot:1    | Ultraviolent4: 415 hp btw
121200 | Zot:1    | chequers: yeah
121200 | Zot:1    | Ultraviolent4: nice stamina
121200 | Zot:1    | chequers: i started training things that weren't fighting/uc but it was pointless
121253 | Zot:1    | Noticed Weatroank the pandemonium lord
121261 | Zot:1    | Lost mutation: You have large cloven feet. [a neqoxec]
121271 | Zot:1    | Killed Weatroank the pandemonium lord
121306 | Zot:$    | Escaped with the Orb!

Skill      XL: |  1  2  3  4  5  6  7  8  9 10 11 12 13 14 15 16 17 18 19 20 21 22 23 24 25 26 27 28 29 30 |
---------------+-------------------------------------------------------------------------------------------+-----
Fighting       | 4 5 6 7 8 9 10 11 13 15 16 17 18 19 21 22 24 26 28 29 31 32 33 | 33.3
Unarmed Combat | 5 6 7 9 10 11 13 14 15 16 17 18 19 20 21 22 23 25 27 29 31 32 34 35 | 35.2
Dodging        | 3 4 5 7 |  7.5
Armour         | 1 5 8 10 11 12 13 14 16 17 20 22 23 25 26 28 | 28.9
Throwing       | 3 6 8 9 11 12 14 | 14.0
Invocations    | 3 5 8 10 12 13 15 17 19 20 | 20.8
Darkness Magic | 3 7 8 |  8.0
Air Magic      | 2 6 7 |  7.1
Hexes          | 2 6 7 |  7.1
Shields        | 4 7 9 11 14 15 | 15.8
Spellcasting   | 3 |  3.0
Evocations     | 6 9 12 14 15 | 15.5
Charms         | 6 |  6.7
Stealth        | |  1.2

Action                   |  1- 3 |  4- 6 |  7- 9 | 10-12 | 13-15 | 16-18 | 19-21 | 22-24 | 25-27 | 28-30 || total
-------------------------+-------+-------+-------+-------+-------+-------+-------+-------+-------+-------++-------
Melee: Unarmed           |   154 |   367 |   554 |   952 |  2106 |  1826 |  2290 |  4839 |  5541 |  4041 || 22670
       Punch             |     2 |    10 |    22 |    57 |   104 |   115 |   221 |   158 |       |       ||   689
       Kick              |       |       |       |   254 |   600 |   698 |   925 |  2142 |  2492 |  2034 ||  9145
       Giant club        |       |       |       |       |    19 |       |       |       |       |       ||    19
Throw: Large rock        |       |       |       |       |       |     7 |       |     5 |     9 |       ||    21
 Cast: Silence           |       |       |       |       |       |       |       |     2 |     2 |       ||     4
Invok: Greater Servant o |       |       |       |       |       |       |       |     3 |     5 |     7 ||    15
 Abil: Evoke Flight      |       |       |       |     1 |       |       |       |       |       |       ||     1
Evoke: Wand              |       |       |       |       |     5 |       |       |     3 |     5 |       ||    13
       Lamp of fire      |       |       |       |       |       |       |       |     1 |     3 |     1 ||     5
       Fan of gales      |       |       |       |       |       |       |       |       |     1 |       ||     1
       Phial of floods   |       |       |       |       |       |       |       |       |     1 |       ||     1
  Use: Scroll            |       |    12 |     7 |     4 |    18 |    17 |    10 |    29 |    34 |    28 ||   159
       Potion            |       |     2 |     6 |     3 |    11 |     5 |     3 |    17 |    33 |    41 ||   121
 Stab: Sleeping          |     3 |     5 |     8 |    18 |     2 |     1 |       |     2 |     2 |     3 ||    44
       Petrified         |       |       |       |     4 |       |     1 |       |     1 |       |       ||     6
       Invisible         |       |       |       |       |     7 |       |       |       |       |       ||     7
       Distracted        |       |       |       |       |       |       |       |     4 |     2 |    11 ||    17
       Confused          |       |       |       |       |       |       |       |     4 |     1 |     1 ||     6
       Paralysed         |       |       |       |       |       |       |       |     2 |       |       ||     2
       Petrifying        |       |       |       |       |       |       |       |     1 |       |       ||     1
Armor: Robe              |    60 |   135 |   185 |   324 |   137 |       |       |       |       |       ||   841
       Fire dragon armou |       |       |       |       |   626 |       |       |       |       |       ||   626
       Gold dragon armou |       |       |       |       |  1085 |  1972 |  2456 |  5500 |  7269 |  3090 || 21372
Dodge: Dodged            |    76 |   193 |   309 |   550 |  1193 |   665 |   993 |  2074 |  2327 |   881 ||  9261
Block: Large shield      |       |       |       |       |       |       |       |  3837 |  7489 |  3829 || 15155
